Map: Echo LE (Void)

Players

Faaip

  • Race: Terran Terran
  • League: Platinum
  • Spawn Location: 5:00

fropez - Winner!

  • Race: Protoss Protoss
  • League: Gold
  • Spawn Location: 11:00

VOD

Have the link to the VOD?

Description

Time

  • Played on: Dec. 14, 2016, 6:52 p.m.
  • Length: 20:45
Show
View Real Time Build Order
Export as new Build Order

Faaip Terran 

Build Orders:  

Get SALT Encoding   

  12  0:02  SCV  
  13  0:14  SCV  
  13  0:19  Supply Depot  
  14  0:26  SCV  
  15  0:41  SCV  
  16  0:49  Barracks  
  16  0:54  SCV  
  17  1:05  Barracks  
  17  1:09  SCV  
  18  1:21  SCV  
  19  1:37  Orbital Command  
  19  1:41  Marine  
  19  1:42  Command Center  
  20  1:47  Supply Depot  
  20  2:03  Bunker  
  20  2:05  SCV  
  20  2:06  Marine  
  22  2:12  Supply Depot  
  22  2:17  SCV  
  23  2:23  Marine  
  23  2:29  SCV  
  25  2:41  Marine  
  26  2:45  Refinery  
  26  2:47  Refinery  
  26  2:50  SCV  
  27  2:59  Marine  
  27  3:03  Refinery x2  
  28  3:11  Orbital Command  
  28  3:12  SCV  
  29  3:17  Marine  
  30  3:24  SCV  
  31  3:36  SCV  
  31  3:37  Bunker  
  32  3:44  Marine  
  32  3:46  SCV, Factory  
  32  3:48  SCV  
  35  3:58  SCV  
  35  4:00  SCV, Factory  
  35  4:02  Marine  
  38  4:11  SCV  
  38  4:12  SCV  
  40  4:20  Marine  
  40  4:23  SCV  
  42  4:24  SCV  
  42  4:30  Factory Tech Lab  
  43  4:35  SCV  
  43  4:37  SCV  
  43  4:38  Marine  
  45  4:40  Starport  
  46  4:47  Factory Tech Lab  
  46  4:49  Siege Tank  
  49  4:59  SCV x2  
  51  5:06  Siege Tank, Supply Depot  
  54  5:18  Supply Depot, Starport Tech Lab  
  54  5:25  Barracks Reactor  
  54  5:27  Siege Tank, SCV x2  
  59  5:39  Siege Tank  
  59  5:40  SCV, Raven  
  65  5:43  Supply Depot  
  65  5:52  SCV x2  
  67  5:59  Siege Tank  
  67  6:04  SCV  
  71  6:10  SCV  
  71  6:11  Siege Tank  
  75  6:16  SCV  
  76  6:22  Raven  
  76  6:23  SCV, Engineering Bay  
  79  6:31  Marine x2  
  81  6:34  Siege Tank  
  84  6:42  SCV  
  84  6:43  Siege Tank  
  88  6:47  Armory  
  88  6:48  SCV  
  89  6:59  SCV  
  90  7:07  Command Center  
  90  7:37  Missile Turret x2  
  90  7:41  Missile Turret  
  90  7:45  SCV x2  
  90  7:47  Raven  
  94  7:55  Terran Vehicle Weapons Level 1  
  94  8:01  Command Center  
  94  8:10  Missile Turret  
  94  8:18  SCV x2, Thor x2  
  108  8:22  Command Center  
  108  8:27  Factory  
  108  8:49  Missile Turret  
  108  8:50  Missile Turret  
  108  8:52  Missile Turret  
  108  8:53  Missile Turret  
  108  8:57  Supply Depot x2  
  108  8:59  Supply Depot  
  108  9:00  SCV  
  108  9:01  Orbital Command  
  109  9:11  Factory  
  109  9:44  Orbital Command  
  107  9:50  Factory Tech Lab  
  88  10:34  Factory Tech Lab  
  88  10:35  Terran Vehicle Weapons Level 2  
  88  10:36  Thor x3  
  106  11:03  Thor  
  109  11:14  Planetary Fortress  
  106  11:19  Thor x2  
  117  11:40  Siege Tank  
  117  11:46  Siege Tank  
  121  12:13  Armory  
  121  12:22  Planetary Fortress  
  121  12:31  Thor x2  
  121  12:32  Refinery x2  
  121  12:36  Refinery  
  133  12:38  Refinery  
  53  13:34  Siege Tank  
  53  13:35  Siege Tank x3, Command Center x2  
  66  13:41  SCV x2  
  67  13:51  Command Center  
  67  13:53  SCV  
  68  14:05  SCV x2  
  68  14:06  Siege Tank  
  76  14:10  Siege Tank x3  
  82  14:17  SCV x2  
  84  14:33  SCV x2  
  86  14:39  Siege Tank  
  86  14:42  Siege Tank  
  86  14:45  SCV x2, Sensor Tower  
  94  14:48  Refinery  
  94  14:57  SCV  
  95  15:06  Planetary Fortress  
  95  15:25  Thor x2  
  107  15:39  Siege Tank  
  110  15:46  SCV x2  
  110  15:49  Orbital Command  
  112  15:53  Terran Vehicle Weapons Level 3  
  112  15:55  Terran Vehicle And Ship Armor Level 1  
  112  15:58  SCV  
  113  16:05  Siege Tank  
  113  16:06  SCV  
  117  16:19  SCV  
  117  16:20  SCV x2  
  120  16:25  Refinery  
  120  16:26  Missile Turret  
  120  16:28  Refinery  
  120  16:32  SCV x3, Missile Turret  
  123  16:44  SCV  
  124  16:54  SCV  
  124  16:56  Siege Tank x3  
  124  16:57  Siege Tank  
  124  16:58  SCV  
  135  17:54  Thor x3  
  135  17:55  Thor  
  125  18:37  Thor x2  
  107  19:22  Thor x3  
  125  19:38  Thor  
Show
View Real Time Build Order
Export as new Build Order

fropez Protoss - Winner!

Build Orders: 1 Gate Expand 

Get SALT Encoding   

  12  0:01  Probe (Chrono Boost)  
  13  0:11  Probe (Chrono Boost)  
  14  0:18  Pylon  
  14  0:24  Probe (Chrono Boost)  
  15  0:36  Probe (Chrono Boost)  
  15  0:37  Gateway  
  16  0:46  Probe (Chrono Boost)  
  16  0:49  Assimilator  
  17  1:06  Probe (Chrono Boost)  
  18  1:21  Nexus  
  18  1:26  Pylon  
  18  1:39  Probe (Chrono Boost)  
  19  1:42  Pylon  
  19  1:51  Probe (Chrono Boost), Cybernetics Core  
  20  2:01  Gateway  
  20  2:05  Probe (Chrono Boost)  
  21  2:15  Probe (Chrono Boost), Assimilator  
  22  2:19  Warp Gate  
  22  2:26  Probe (Chrono Boost)  
  22  2:31  Stalker  
  22  2:36  Probe (Chrono Boost)  
  25  2:39  Probe (Chrono Boost)  
  26  2:47  Probe (Chrono Boost)  
  26  2:48  Pylon  
  27  2:54  Stalker  
  27  2:58  Probe (Chrono Boost)  
  30  3:01  Probe (Chrono Boost)  
  31  3:08  Stalker  
  31  3:11  Probe (Chrono Boost)  
  34  3:19  Pylon, Probe (Chrono Boost)  
  35  3:24  Probe (Chrono Boost)  
  36  3:28  Adept  
  36  3:30  Probe (Chrono Boost)  
  39  3:35  Pylon  
  39  3:41  Probe (Chrono Boost), Mothership Core (Chrono Boost)  
  42  3:52  Twilight Council  
  42  3:53  Probe (Chrono Boost)  
  43  3:59  Probe (Chrono Boost)  
  44  4:03  Pylon  
  44  4:05  Probe (Chrono Boost)  
  45  4:21  Pylon  
  45  4:22  Stalker x2  
  49  4:26  Probe (Chrono Boost)  
  49  4:30  Gateway  
  51  4:31  Probe (Chrono Boost)  
  52  4:38  Probe (Chrono Boost)  
  52  4:43  Probe (Chrono Boost)  
  53  4:51  Probe (Chrono Boost)  
  54  4:54  Probe (Chrono Boost)  
  54  4:58  Adept x2  
  59  5:03  Probe (Chrono Boost)  
  59  5:04  Probe (Chrono Boost), Assimilator  
  59  5:06  Assimilator  
  61  5:13  Nexus  
  61  5:19  Resonating Glaives, Probe (Chrono Boost)  
  62  5:22  Pylon  
  62  5:23  Adept  
  62  5:24  Adept  
  67  5:28  Probe (Chrono Boost)  
  68  5:36  Pylon, Probe (Chrono Boost)  
  68  5:42  Forge  
  69  5:43  Probe (Chrono Boost)  
  69  5:46  Adept x2  
  73  5:56  Dark Shrine  
  73  6:02  Protoss Ground Weapons Level 1  
  73  6:05  Probe (Chrono Boost)  
  73  6:07  Probe (Chrono Boost)  
  75  6:13  Pylon  
  75  6:15  Adept x3  
  75  6:17  Probe (Chrono Boost)  
  83  6:19  Probe (Chrono Boost)  
  83  6:23  Pylon  
  83  6:27  Probe (Chrono Boost)  
  83  6:28  Pylon  
  83  6:29  Probe (Chrono Boost)  
  83  6:31  Probe (Chrono Boost)  
  86  6:34  Assimilator  
  86  6:44  Photon Cannon  
  86  6:52  Pylon  
  86  6:54  Pylon  
  86  6:55  Adept x2, Pylon  
  86  6:58  Photon Cannon  
  90  7:02  Photon Cannon  
  90  7:05  Assimilator  
  90  7:08  Robotics Facility  
  90  7:09  Robotics Facility  
  90  7:10  Probe (Chrono Boost)  
  90  7:11  Probe x2 (Chrono Boost)  
  90  7:18  Pylon  
  88  7:25  Dark Templar x2  
  88  7:26  Dark Templar  
  94  7:39  Probe (Chrono Boost)  
  94  7:40  Probe x2 (Chrono Boost)  
  94  7:42  Pylon  
  97  7:46  Protoss Ground Weapons Level 2  
  97  7:52  Pylon  
  97  7:53  Probe (Chrono Boost)  
  97  7:54  Probe (Chrono Boost)  
  97  7:55  Probe (Chrono Boost)  
  97  7:58  Observer x2  
  103  8:05  Stalker x2  
  103  8:06  Stalker  
  103  8:07  Probe (Chrono Boost)  
  109  8:16  Probe (Chrono Boost), Gateway  
  109  8:17  Gateway  
  109  8:18  Probe (Chrono Boost)  
  109  8:19  Probe (Chrono Boost)  
  112  8:21  Pylon  
  112  8:24  Pylon, Immortal  
  116  8:28  Immortal  
  114  8:43  Probe (Chrono Boost)  
  114  8:44  Probe x2 (Chrono Boost)  
  114  8:46  Stalker  
  114  8:47  Stalker  
  121  8:54  Photon Cannon  
  122  8:56  Probe (Chrono Boost)  
  122  9:03  Immortal  
  122  9:08  Immortal  
  130  9:10  Blink  
  127  9:33  Stalker x3  
  127  9:34  Stalker  
  131  9:42  Immortal  
  131  9:44  Adept  
  137  9:47  Immortal  
  141  9:59  Protoss Ground Weapons Level 3  
  141  10:13  Stalker x4  
  141  10:14  Stalker  
  143  10:22  Immortal  
  143  10:26  Immortal  
  151  10:41  Nexus  
  151  10:43  Pylon  
  151  10:46  Pylon  
  151  10:48  Assimilator  
  151  10:52  Assimilator  
  151  10:56  Stalker x2  
  151  10:57  Stalker x3  
  157  11:01  Immortal  
  157  11:23  Stalker x4  
  165  11:29  Probe (Chrono Boost)  
  166  11:34  Immortal  
  169  11:40  Immortal  
  141  11:57  Stalker x4  
  146  12:08  Probe x2 (Chrono Boost)  
  150  12:10  Probe x2 (Chrono Boost)  
  150  12:18  Probe (Chrono Boost)  
  150  12:19  Probe (Chrono Boost)  
  150  12:22  Probe (Chrono Boost), Stalker x4  
  161  12:47  Dark Templar x4  
  139  13:32  Stalker x4  
  147  13:38  Probe (Chrono Boost)  
  147  13:39  Probe (Chrono Boost)  
  147  13:40  Probe x2 (Chrono Boost)  
  151  13:41  Warp Prism  
  153  13:49  Probe (Chrono Boost)  
  154  13:55  Gateway  
  154  13:57  Gateway  
  154  13:59  Gateway  
  154  14:01  Gateway  
  154  14:02  Photon Cannon  
  146  14:04  Gateway  
  146  14:07  Photon Cannon  
  146  14:21  Nexus  
  146  14:25  Assimilator, Stalker x4  
  146  14:30  Assimilator  
  154  14:33  Pylon  
  154  14:36  Pylon  
  154  14:56  Pylon, Nexus  
  154  14:58  Assimilator, Gateway  
  154  14:59  Gateway  
  154  15:00  Assimilator, Stalker, Gateway  
  154  15:01  Stalker x2  
  154  15:02  Pylon x2, Gateway, Stalker x2  
  154  15:03  Stalker x3  
  154  15:04  Gateway  
  168  15:13  Probe x2 (Chrono Boost)  
  172  15:14  Assimilator  
  172  15:15  Nexus, Probe x2 (Chrono Boost)  
  172  15:18  Assimilator  
  172  15:19  Pylon  
  172  15:22  Pylon  
  172  15:23  Probe (Chrono Boost)  
  172  15:24  Protoss Ground Armor Level 1  
  173  15:29  Observer x2  
  173  15:35  Stalker x5  
  185  15:50  Observer x2  
  187  16:00  Pylon  
  187  16:09  Observer x2  
  187  16:15  Protoss Air Weapons Level 1  
  189  16:22  Stargate  
  189  16:27  Templar Archives  
  189  16:31  Robotics Bay  
  189  16:56  Adept x5  
  187  17:19  Protoss Shields Level 1, Stalker x6  
  199  17:33  Stalker  
  191  17:45  Stalker x3  
  191  17:46  Stalker x3  
  177  18:09  Protoss Air Armor Level 1  
  169  18:37  Stalker x4  
  169  18:38  Stalker x6  
  169  18:39  Stalker x4  
  197  18:43  Probe x2 (Chrono Boost)  
  197  18:45  Probe (Chrono Boost)  
  156  19:05  Charge  
  142  19:19  Nexus  
  142  19:20  Stalker  
  142  19:21  Stalker x7  
  142  19:22  Stalker x6  
  142  19:23  Pylon x2, Assimilator  
  170  19:27  Pylon x2  
  170  19:29  Probe x2 (Chrono Boost)  
  170  19:30  Pylon, Gateway  
  170  19:31  Probe (Chrono Boost), Gateway x2  
  171  19:34  Gateway  
  147  20:11  Stalker x5  
  147  20:12  Stalker x4  
  147  20:13  Stalker x5  
  175  20:31  Probe x3 (Chrono Boost)  
  175  20:33  Probe x3 (Chrono Boost)  
  181  20:37  Nexus  
  181  20:39  Assimilator  
  181  20:43  Assimilator  
Tags
 
Matchup
PvT
Replay Pack
All Mines
Spawn Locations
Cross Positions
Add a new tag
Caveats
  • Supply blocks, unpowered buildings, or Contaminate may cause inaccurate times.
  • Supply counts are checked every 10 seconds.